AoeStats
← King PbZER4

Arabia

507396654Analyzed
1v1 RM · 13d ago on Sep 18, 2026· 33m 46s· 2 players
Game mode
Random Map
Map size
Tiny (2 player)
Population
200
Speed
Normal
Resources
Standard
Victory
Conquest
Starting age
Dark Age
Ending age
Imperial Age
RankedLock teamsTeams togetherTeam positionsShared explorationLock speedFull tech treeHidden civsTurbo modeCheats
Victory
Defeat
1185
+16
🇦🇷 Persians · Argentina
1190
-16
DGHIR | Rorro Knight®
5:28 Loom
8:16 Feudal Age
9:16 Double-Bit Axe
10:04 Horse Collar
17:04 Wheelbarrow
19:33 Castle Age
18:04 Gold Mining
19:07 Bloodlines
19:11 Forging
19:23 Scale Barding Armor
22:01 Iron Casting
22:41 Husbandry
26:22 Town Watch
29:42 Chain Barding Armor
31:18 Redemption
King PbZER4
7:36 Loom
10:52 Feudal Age
12:28 Double-Bit Axe
20:46 Castle Age
21:23 Scale Barding Armor
21:28 Forging
21:57 Wheelbarrow
22:04 Bloodlines
28:02 Iron Casting
Connection lost

Rejoining the realm…

Still unreachable

The connection could not be restored.

Session expired

The server has moved on; the page needs a fresh start.